 Dungeon Crawl Stone Soup version 0.30-b1-2-g02819fbbbe (webtiles) character file.

Game seed: 4792147021184273428

899 hawla the Chiller (level 8, 0/62 HPs)
             Began as a Meteoran Ice Elementalist on May 3, 2023.
             Was an Initiate of Vehumet.
             Slain by an orc
             ... wielding a +0 morningstar
              (1 damage)
             ... on level 7 of the Dungeon.
             The game lasted 00:09:08 (1577 turns).

hawla the Chiller (Meteoran Ice Elementalist)       Turns: 1577, Time: 00:09:09

Health: 0/62       AC:  2    Str: 10    XL:     8   Next: 53%
Magic:  16/19      EV: 15    Int: 19    God:    Vehumet [......]
Gold:   152        SH:  0    Dex: 20    Spells: 16/20 levels left

rFire   + . .        g - +1 dagger (venom)
rCold   . . .        (no shield)
rNeg    . . .        a - +0 robe
rPois   .            (no helmet)
rElec   .            (no cloak)
rCorr   .            (no gloves)
SInv    .            (no boots)
Will    +....        (no amulet)
Stlth   +            f - +6 ring of dexterity
HPRegen 1.10/turn    i - ring of protection from fire
MPRegen 0.16/turn

%: no passive effects
@: lethally poisoned (0 -> -1), freezing walls, glowing, invisible (but backlit
and visible)
A: sense surroundings 1, otherworldly, glowing, explore regen, talons 1,
regeneration 1, wild magic 1
a: Renounce Religion


You were on level 7 of the Dungeon.
You worshipped Vehumet.
Vehumet was noncommittal.
You visited 2 branches of the dungeon, and saw 7 of its levels.

You collected 152 gold pieces.

Inventory:

Hand Weapons
 g - a +1 dagger of venom (weapon)
 k - a +2 short sword of flaming
Armour
 a - a +0 robe (worn)
Jewellery
 f - a +6 ring of dexterity (left hand)
 i - a ring of protection from fire (right hand)
Scrolls
 e - a scroll of torment {unknown}
 h - a scroll of identify
Potions
 b - a potion of magic
 c - a potion of attraction
 d - a potion of flight
 j - a potion of mutation


   Skills:
 + Level 2.3 Fighting
 + Level 1.7 Short Blades
 + Level 4.6 Dodging
 - Level 1.4 Stealth
 + Level 6.9 Spellcasting
 + Level 7.4 Ice Magic


You had 16 spell levels left.
You knew the following spells:

 Your Spells              Type           Power      Damage    Failure   Level
a - Freeze                Ice            100%       1d10      1%          1
b - Frozen Ramparts       Ice            90%        1d14      2%          3

Your spell library contained the following spells:

 Spells                   Type           Power      Damage    Failure   Level
 Ozocubu's Armour         Ice            45%        N/A       2%          3
 Summon Ice Beast         Ice/Summ       26%        N/A       30%         4


Dungeon Overview and Level Annotations

Branches:
Dungeon (7/15) Zot: 2246   Temple (1/1) D:5 Zot: 380

Altars:
Ashenzari
Cheibriados
Dithmenos
Elyvilon
Fedhas
Gozag
Kikubaaqudgha
Makhleb
Okawaru
Qazlal
Ru
Sif Muna
Trog
Uskayaw
Vehumet
Wu Jian
Yredelemnul
Zin
The Shining One

Shops:
D:4 =


Innate Abilities, Weirdness & Mutations

You passively map a small area around you.
You are easily found by Zot.
You glow in the dark.
You regain HP and MP as you explore.
You have sharp toenails.
Your natural rate of healing is unusually fast.
Your spells are a little harder to cast, but a little more powerful.


Message History

* * * LOW HITPOINT WARNING * * *
Something hits you.
* * * LOW HITPOINT WARNING * * *
The orc closely misses you.
The wall freezes the killer bee.
You kill the killer bee!
Vehumet accepts your kill.
The wall freezes the killer bee.
You closely miss the killer bee.
The killer bee is moderately wounded.
You feel sick.
You kill the killer bee!
Vehumet accepts your kill.
The wall freezes the killer bee but does no damage.
The killer bee stings you.
* * * LOW HITPOINT WARNING * * *
You are lethally poisoned!
The killer bee poisons you! The orc hits you but does no damage.
Something hits you.
* * * LOW HITPOINT WARNING * * *
The orc barely misses you.
The wall freezes the killer bee.
The killer bee barely misses you.
It was a potion of mutation.
You feel extremely strange.
You begin to heal more quickly.
Your toenails lengthen and sharpen.
You feel less in control of your magic.
* * * LOW HITPOINT WARNING * * *
You feel very sick.
The wall freezes the killer bee.
The killer bee completely misses you. The orc closely misses you.
Something barely misses you. The orc misses you.
The wall freezes the killer bee.
You kill the killer bee!
Vehumet accepts your kill.
A killer bee comes into view.
It was a potion of invisibility.
You become transparent, but the glow from your body prevents you from becoming completely invisible.
* * * LOW HITPOINT WARNING * * *
You feel very sick. The orc misses you. Something hits you.
* * * LOW HITPOINT WARNING * * *
The orc hits you with a +0 morningstar.
You die...

.... ...........#....
........##..##..#.......
........# #.....#.......
........###......)......
....................###.
, ,
...................#..##
,
,.........))...<.......#
,, ##....))##..oo{......
, #..<...###..@†..#... ,
##...##.....†#..#..# ,
#........#.#.#.## .. , ,
.........#.###!..#< ,,
##.....#.#.# ..... , , ,
............ .....,
.....##....>......, ,
,..##.,.>........... , ,
, ,


You could see 2 orcs.

Vanquished Creatures
  A water moccasin (D:7)
  A black bear (D:5)
  A phantom (D:5)
  2 scorpions
  4 killer bees (D:7)
  2 vampire bats (D:4)
  2 hounds (D:5)
  An orc priest (D:5)
  2 iguanas (D:4)
  2 orc wizards (D:5)
  2 adders (D:4)
  A white imp (D:5)
  2 worms
  6 orcs
  4 bat skeletons (D:4)
  A bat zombie (D:4)
  3 endoplasms
  A goblin (D:1)
  2 quokkas
  3 ball pythons
  4 bats
  5 kobolds
52 creatures vanquished.

Notes
Turn   | Place    | Note
-------+----------+-------------------------------------------
     0 | D:1      | hawla the Meteoran Ice Elementalist began the quest for the
                  | Orb.
     0 | D:1      | Reached XP level 1. HP: 14/14 MP: 5/5
   114 | D:1      | Reached XP level 2. HP: 20/20 MP: 2/6
   251 | D:2      | Found a bloodstained altar of Trog.
   276 | D:2      | You fall into a shaft and drop 2 floors!
   280 | D:4      | Found Qoul's Jewellery Boutique.
   318 | D:4      | Reached skill level 5 in Ice Magic
   318 | D:4      | Reached XP level 3. HP: 26/26 MP: 3/8
   342 | D:4      | Learned a level 3 spell: Frozen Ramparts
   410 | D:4      | Found a shimmering blue altar of Sif Muna.
   512 | D:4      | Noticed a scorpion
   517 | D:4      | Killed a scorpion
   518 | D:4      | Reached skill level 1 in Fighting
   518 | D:4      | Reached XP level 4. HP: 29/35 MP: 2/10
   518 | D:4      | Reached XP level 5. HP: 33/40 MP: 2/11
   521 | D:4      | Found an iron altar of Okawaru.
   613 | D:4      | Found an ancient bone altar of Kikubaaqudgha.
   619 | D:4      | Reached skill level 6 in Ice Magic
   619 | D:4      | Reached XP level 6. HP: 38/47 MP: 10/13
   889 | D:5      | Entered Level 5 of the Dungeon
   927 | D:5      | Identified the +6 sling of Distraction {drain, Dex+3}
   943 | D:5      | Reached skill level 5 in Spellcasting
   966 | D:5      | Noticed a black bear
   984 | D:5      | Killed a black bear
   985 | D:5      | Reached XP level 7. HP: 24/52 MP: 9/16
  1002 | D:5      | Reached skill level 1 in Short Blades
  1188 | D:5      | Reached skill level 7 in Ice Magic
  1188 | D:5      | Reached XP level 8. HP: 10/61 MP: 16/18
  1212 | D:5      | Found a staircase to the Ecumenical Temple.
  1218 | Temple   | Entered the Ecumenical Temple
  1415 | Temple   | Became a worshipper of Vehumet
  1576 | D:7      | Gained mutation: Your natural rate of healing is unusually
                  | fast. [potion of mutation]
  1576 | D:7      | Gained mutation: You have sharp toenails. [potion of
                  | mutation]
  1576 | D:7      | Gained mutation: Your spells are a little harder to cast,
                  | but a little more powerful. [potion of mutation]
  1577 | D:7      | HP: 2/62 [poisoned by a killer bee]
  1577 | D:7      | Slain by an orc

Illustrated notes

Levels and vault maps discovered:
D:1:      amcnicky_arrival_feature_with_door, layout_basic,
          hellmonk_ecumenical_altar_pennies_from_heaven
D:2:      layout_rooms, basic_altar
D:4:      layout_rooms, mainiacjoe_overflow_brackets, okawaru_trees_2,
          kennysheep_vampire_church, serial_shops, shop, nrook_uturn,
          minmay_unequal
D:5:      layout_basic, temple_statues, serial_curves, eino_curves_04,
          eino_curves_01
D:6:      layout_cave_pools
D:7:      gammafunk_wand_slinger, layout_cave_pools, serial_shops,
          nicolae_shop_tiny_real_fake_doors
Temple:   regret_index_temple_sphere_string

Skill      XL: |  1  2  3  4  5  6  7  8 |
---------------+-------------------------+-----
Spellcasting   | 3 4 5 6 |  6.9
Ice Magic      | 5 6 7 |  7.4
Fighting       | 1 2 |  2.3
Dodging        | 3 4 |  4.6
Short Blades   | 1 |  1.7
Stealth        | |  1.4

Action                     |  1- 3 |  4- 6 |  7- 9 || total
---------------------------+-------+-------+-------++-------
  Melee: Dagger            |       |    32 |    44 ||    76
         Punch             |       |       |     1 ||     1
   Cast: Freeze            |    32 |     6 |     5 ||    43
         Frozen Ramparts   |     2 |    11 |     8 ||    21
    Use: Scroll            |       |     5 |       ||     5
         Potion            |       |       |     4 ||     4
 Armour: Robe              |     7 |    41 |     5 ||    53
  Dodge: Dodged            |    16 |    62 |    38 ||   116
